[Event "Denmark Team Championship 2022"]
[Site "Denmark"]
[Date "2022.10.29"]
[Round "1.5"]
[White "Smith, Axel"]
[Black "Hove, Esben Kjems"]
[Result "0-1"]
[ECO "A11"]
[WhiteElo "2402"]
[BlackElo "2305"]
[Annotator "ChessBase"]
[PlyCount "176"]
[EventDate "2022.10.29"]
[EventType "team-tourn"]
[EventCountry "DEN"]
[SourceTitle "playchess.com"]
[Source "ChessBase"]
[SourceQuality "1"]
[TimeControl "40/5400+30:1800+30"]

1. c4 c6 2. Nf3 d5 3. e3 Nf6 4. Nc3 e6 5. d4 Be7 6. Bd3 O-O 7. O-O Nbd7 8. Qe2 dxc4 9. Bxc4 b5 10. Bd3 b4 11. Na4 Qa5 12. b3 c5 13. Bb2 Bb7 14. Nxc5 Nxc5 15. dxc5 Qxc5 16. Rfc1 Qa5 17. Ne5 Rac8 18. Nc4 Qd5 19. f3 Rfd8 20. Bxf6 Bxf6 21. Be4 Qb5 22. Bxb7 Qxb7 23. Rab1 g6 24. Rd1 Qa6 25. Rxd8+ Rxd8 26. Qc2 Kg7 27. Kf2 Qc8 28. Rd1 Rd5 29. Kg1 Qd8 30. Rxd5 exd5 31. Nb2 Qb6 32. Qe2 d4 33. Nc4 Qc5 34. Kf1 dxe3 35. Qxe3 Bd4 36. Qe4 Bf6 37. g3 Qc8 38. Kg2 Qa6 39. Qe2 h5 40. h4 Bd4 41. Qd2 Bc3 42. Qe2 Qf6 43. Qd3 Qe6 44. Ne3 a5 45. Qe4 Qd6 46. Nd5 Qc5 47. f4 Ba1 48. f5 Qd4 49. Qxd4+ Bxd4 50. Kf3 Be5 51. g4 Kh6 52. g5+ Kg7 53. Ne7 Bd6 54. f6+ Kf8 55. Nc6 Bc7 56. Ke4 Bg3 57. Nxa5 Bxh4 58. Kf4 Be1 59. Nc4 Bc3 60. Kg3 Bd4 61. a3 bxa3 62. Nxa3 Ke8 63. Nc4 Kd7 64. Kf4 Bc3 65. Ke4 Ke6 66. Kd3 Bb4 67. Ke4 h4 68. Kf4 h3 69. Kg3 Kf5 70. Ne3+ Kxg5 71. Nd5 Bd6+ 72. Kxh3 Kf5 73. Ne3+ Kxf6 74. Kg4 Ke6 75. Nc2 Ke5 76. b4 Be7 77. b5 f5+ 78. Kf3 g5 79. b6 g4+ 80. Kg3 Ke4 81. b7 Bd6+ 82. Kh4 g3 83. Ne1 Ke3 84. Kh3 Kf2 85. Ng2 f4 86. Nh4 Bb8 87. Ng2 f3 88. Nh4 g2 0-1

[Event "Denmark Team Championship 2022"]
[Site "Denmark"]
[Date "2022.10.29"]
[Round "1.5"]
[White "Pilgaard, Kim"]
[Black "Klitgaard, Thomas"]
[Result "1-0"]
[ECO "D35"]
[WhiteElo "2379"]
[BlackElo "2137"]
[Annotator "ChessBase"]
[PlyCount "139"]
[EventDate "2022.10.29"]
[EventType "team-tourn"]
[EventCountry "DEN"]
[SourceTitle "playchess.com"]
[Source "ChessBase"]
[SourceQuality "1"]
[TimeControl "40/5400+30:1800+30"]

1. d4 e6 2. c4 Nf6 3. Nc3 d5 4. cxd5 exd5 5. Bg5 c6 6. e3 Be7 7. Qc2 O-O 8. Bd3 h6 9. Bh4 Re8 10. Nf3 Ne4 11. Bxe7 Qxe7 12. O-O Nd7 13. b4 Ndf6 14. Rab1 a6 15. Ne5 Nd6 16. a4 Nd7 17. Nf3 b5 18. Ra1 Bb7 19. Rfb1 Rab8 20. Ne2 Nb6 21. a5 Nbc4 22. Ng3 Bc8 23. h3 Bd7 24. Rb3 Rf8 25. e4 dxe4 26. Nxe4 Nxe4 27. Bxe4 Rfe8 28. Bd3 Be6 29. Re1 Qd6 30. Qc3 Rbd8 31. Rbb1 Re7 32. Bc2 Bd5 33. Ne5 Rde8 34. Qd3 g6 35. f4 Be6 36. Qc3 Bd5 37. Qd3 Be6 38. Qc3 Bd5 39. Rbd1 Qf6 40. Qg3 Nd6 41. Kh2 Nf5 42. Ng4 Qg7 43. Rxe7 Rxe7 44. Bxf5 Re2 45. Bd7 Rxg2+ 46. Qxg2 Bxg2 47. Kxg2 h5 48. Ne5 Qf6 49. Bxc6 Qxf4 50. Bd5 Qe3 51. Bxf7+ Kg7 52. Rd3 Qe2+ 53. Kg3 Qe1+ 54. Kf3 Qxb4 55. Bxg6 Kf6 56. Bxh5 Qxa5 57. Bg4 Qa1 58. Ke4 Ke7 59. Kd5 Qa2+ 60. Kc5 Qc2+ 61. Kb6 b4 62. Bd1 Qa2 63. Bb3 Qa1 64. Kc5 Qa5+ 65. Kc6 Qb5+ 66. Kc7 Qa5+ 67. Kc8 Qb6 68. Re3 Qb5 69. Nd7+ Kd6 70. Re6# 1-0

[Event "Denmark Team Championship 2022"]
[Site "Denmark"]
[Date "2022.10.29"]
[Round "1.5"]
[White "Heimisson, Hilmir Freyr"]
[Black "Kistrup, Nicolai"]
[Result "1/2-1/2"]
[ECO "E20"]
[WhiteElo "2293"]
[BlackElo "2274"]
[Annotator "ChessBase"]
[PlyCount "98"]
[EventDate "2022.10.29"]
[EventType "team-tourn"]
[EventCountry "DEN"]
[SourceTitle "playchess.com"]
[Source "ChessBase"]
[SourceQuality "1"]
[TimeControl "40/5400+30:1800+30"]

1. d4 Nf6 2. c4 e6 3. Nc3 Bb4 4. Bd2 O-O 5. Nf3 d5 6. e3 b6 7. cxd5 exd5 8. Rc1 Re8 9. Bd3 Bf8 10. Ne5 c5 11. O-O Bb7 12. f4 Nc6 13. Ne2 Rc8 14. Be1 Ne4 15. Bxe4 dxe4 16. Nxf7 Kxf7 17. Qb3+ c4 18. Qxc4+ Kg6 19. f5+ Kh6 20. Bg3 Bd6 21. Nf4 Qd7 22. Ne6 Nd8 23. Qe2 Nxe6 24. Qg4 g5 25. Qh3+ Kg7 26. fxe6 Qxe6 27. Bxd6 Qxd6 28. Qf5 Qg6 29. Qd7+ Kh8 30. Qxb7 Rxc1 31. Rxc1 Rf8 32. Rc8 Rxc8 33. Qxc8+ Kg7 34. Qd7+ Kh6 35. Qh3+ Kg7 36. Qd7+ Kh6 37. h3 a5 38. d5 Qf6 39. d6 Qxb2 40. Qe6+ Kg7 41. d7 Qc1+ 42. Kh2 Qc7+ 43. Kg1 Qc1+ 44. Kf2 Qd2+ 45. Kg1 Qxe3+ 46. Kh1 Qc1+ 47. Kh2 Qf4+ 48. Kh1 Qc1+ 49. Kh2 Qf4+ 1/2-1/2

[Event "Denmark Team Championship 2022"]
[Site "Denmark"]
[Date "2022.10.29"]
[Round "1.5"]
[White "Rewitz, Poul"]
[Black "Storme, Isak"]
[Result "0-1"]
[ECO "C45"]
[WhiteElo "2172"]
[BlackElo "2424"]
[Annotator "ChessBase"]
[PlyCount "42"]
[EventDate "2022.10.29"]
[EventType "team-tourn"]
[EventCountry "DEN"]
[SourceTitle "playchess.com"]
[Source "ChessBase"]
[SourceQuality "1"]
[TimeControl "40/5400+30:1800+30"]

1. e4 e5 2. Nf3 Nc6 3. d4 exd4 4. Nxd4 Nf6 5. Nxc6 bxc6 6. e5 Qe7 7. Qe2 Nd5 8. c4 Ba6 9. h4 g6 10. Bg5 Qb4+ 11. Kd1 Bxc4 12. Qd2 Bxa2 13. Qxb4 Nxb4 14. Nd2 Bg7 15. f4 h6 16. Bf6 Bxf6 17. exf6 Be6 18. h5 Nd5 19. hxg6 fxg6 20. Bd3 Kf7 21. g3 Nxf6 0-1

[Event "Denmark Team Championship 2022"]
[Site "Denmark"]
[Date "2022.10.29"]
[Round "1.6"]
[White "Schmidt, Kristen"]
[Black "Ahlander, Bjorn"]
[Result "1/2-1/2"]
[ECO "B22"]
[WhiteElo "2273"]
[BlackElo "2406"]
[Annotator "ChessBase"]
[PlyCount "86"]
[EventDate "2022.10.29"]
[EventType "team-tourn"]
[EventCountry "DEN"]
[SourceTitle "playchess.com"]
[Source "ChessBase"]
[SourceQuality "1"]
[TimeControl "40/5400+30:1800+30"]

1. e4 c5 2. c3 d5 3. e5 Nc6 4. d4 Bf5 5. Nf3 e6 6. Be2 Nh6 7. O-O a6 8. h3 cxd4 9. cxd4 Be4 10. Bxh6 gxh6 11. Nbd2 Rg8 12. Qb3 Bb4 13. Qe3 Bxd2 14. Qxd2 Bxf3 15. Bxf3 Qh4 16. Rfd1 Qxh3 17. Qf4 O-O-O 18. Rac1 Kb8 19. Kf1 Qf5 20. Qxf5 exf5 21. Rc5 Ne7 22. Ke2 Rc8 23. Rxc8+ Rxc8 24. Kd3 Rc6 25. Rh1 Kc7 26. Bh5 f6 27. Bf7 fxe5 28. dxe5 Rb6 29. b3 Nc6 30. f4 Nb4+ 31. Kd4 Nxa2 32. Bxd5 Nb4 33. Bc4 Nc6+ 34. Ke3 Ne7 35. e6 Rb4 36. Rd1 b5 37. Rd7+ Kc6 38. Rxe7 bxc4 39. bxc4 Rxc4 40. Kf3 Rc3+ 41. Kf2 Rc2+ 42. Kf3 Rc3+ 43. Kf2 Rc2+ 1/2-1/2

[Event "Denmark Team Championship 2022"]
[Site "Denmark"]
[Date "2022.10.29"]
[Round "1.6"]
[White "Jacobsen, Mikkel Manosri"]
[Black "Baekgaard, Martin"]
[Result "1-0"]
[ECO "A48"]
[WhiteElo "2267"]
[BlackElo "2296"]
[Annotator "ChessBase"]
[PlyCount "77"]
[EventDate "2022.10.29"]
[EventType "team-tourn"]
[EventCountry "DEN"]
[SourceTitle "playchess.com"]
[Source "ChessBase"]
[SourceQuality "1"]
[TimeControl "40/5400+30:1800+30"]

1. d4 Nf6 2. Nf3 g6 3. Bf4 Bg7 4. c3 d6 5. Nbd2 O-O 6. e4 Nbd7 7. Be2 Qe8 8. h3 e5 9. dxe5 dxe5 10. Be3 Qe7 11. O-O Re8 12. Qc2 b6 13. a4 Bb7 14. a5 Nc5 15. Ng5 h6 16. b4 Ncd7 17. Ngf3 Rab8 18. axb6 axb6 19. Ra7 Nf8 20. Rfa1 N6d7 21. Bc4 Ne6 22. Bd5 c6 23. Bc4 Nc7 24. Qd3 Red8 25. Qf1 Bf8 26. g3 Qf6 27. Nh2 b5 28. Be2 Ne6 29. Nb3 Ng5 30. Na5 Ba8 31. f3 Qe6 32. h4 Nh7 33. Qf2 Nhf6 34. Bd1 Rbc8 35. Bb3 Qe8 36. Ng4 Nxg4 37. fxg4 Kg7 38. Rf1 f6 39. Qxf6+ 1-0

[Event "Denmark Team Championship 2022"]
[Site "Denmark"]
[Date "2022.10.29"]
[Round "1.6"]
[White "Ostergaard, Jens"]
[Black "Pedersen, Gunnar"]
[Result "1-0"]
[ECO "A41"]
[WhiteElo "2253"]
[BlackElo "2221"]
[Annotator "ChessBase"]
[PlyCount "107"]
[EventDate "2022.10.29"]
[EventType "team-tourn"]
[EventCountry "DEN"]
[SourceTitle "playchess.com"]
[Source "ChessBase"]
[SourceQuality "1"]
[TimeControl "40/5400+30:1800+30"]

1. d4 d6 2. Nf3 Nf6 3. c4 c6 4. Nc3 Qa5 5. Bd2 Qb6 6. b4 Bg4 7. c5 Qc7 8. h3 Bxf3 9. exf3 e5 10. dxe5 dxe5 11. Bc4 Be7 12. O-O O-O 13. Re1 b6 14. cxb6 axb6 15. Qb3 Nbd7 16. Bg5 h6 17. Bh4 b5 18. Bd3 Nb6 19. Rac1 Qd6 20. Bxf6 gxf6 21. Ne4 Qxb4 22. Nxf6+ Kh8 23. Qxb4 Bxb4 24. Rxe5 Rfd8 25. Bf1 Nc4 26. Bxc4 bxc4 27. Re2 c3 28. Rec2 Ba3 29. Re1 Bb2 30. Ne4 Rxa2 31. Nxc3 Ra1 32. Rxa1 Bxa1 33. Ne4 Be5 34. g4 Rc8 35. Kg2 Kg7 36. Nc5 h5 37. Rc4 Bd6 38. Ne4 Be7 39. f4 c5 40. Kf3 Kg6 41. f5+ Kh6 42. Kf4 f6 43. f3 h4 44. g5+ fxg5+ 45. Ke5 Ra8 46. f6 Bf8 47. Kf5 Kh5 48. Nxg5 Ra3 49. f4 Rb3 50. Re4 Bh6 51. f7 c4 52. Rxc4 Rg3 53. Rc8 Rg1 54. Ne6 1-0

[Event "Denmark Team Championship 2022"]
[Site "Denmark"]
[Date "2022.10.29"]
[Round "1.6"]
[White "Larsen, Karsten"]
[Black "Pedersen, Nicolai Vesterbaek"]
[Result "1/2-1/2"]
[ECO "B51"]
[WhiteElo "2241"]
[BlackElo "2367"]
[Annotator "ChessBase"]
[PlyCount "135"]
[EventDate "2022.10.29"]
[EventType "team-tourn"]
[EventCountry "DEN"]
[SourceTitle "playchess.com"]
[Source "ChessBase"]
[SourceQuality "1"]
[TimeControl "40/5400+30:1800+30"]

1. e4 c5 2. Nf3 d6 3. Bb5+ Nd7 4. c3 Ngf6 5. Qe2 a6 6. Ba4 b5 7. Bc2 g6 8. d4 e5 9. d5 Bg7 10. a4 Rb8 11. b3 O-O 12. axb5 axb5 13. Nbd2 Nh5 14. g3 Ndf6 15. Nf1 b4 16. c4 Nxe4 17. Bxe4 f5 18. Ra7 fxe4 19. Ng5 Nf6 20. Ne3 Qb6 21. Ra2 h6 22. Ne6 Bxe6 23. dxe6 Qc6 24. O-O Rbe8 25. Bd2 Rxe6 26. Rfa1 Qe8 27. Ra6 Qf7 28. Rc6 h5 29. Raa6 Qd7 30. Nd1 Rfe8 31. Bg5 d5 32. Rxe6 Rxe6 33. Ra8+ Re8 34. Rxe8+ Nxe8 35. cxd5 Qxd5 36. Ne3 Qxb3 37. Qb5 Qe6 38. Qxc5 Bf8 39. Qb5 b3 40. Nd5 b2 41. Nc3 Nd6 42. Qxb2 Qc4 43. Nd1 Nf7 44. Be3 Bb4 45. Qc1 Qe2 46. h4 Kg7 47. Nc3 Qd3 48. Na2 Ba3 49. Qd2 Nd6 50. Nc1 Bxc1 51. Qxc1 Nc4 52. Bh6+ Kf7 53. Qa1 Qa3 54. Qb1 Nd6 55. Qb8 Nf5 56. Qc7+ Qe7 57. Qc4+ Qe6 58. Qc7+ Kg8 59. Qb8+ Kh7 60. Bg5 Nd6 61. Qc7+ Nf7 62. Qb7 Qf5 63. Qe7 Kg7 64. Qc7 Qe6 65. Qb7 Qf5 66. Qe7 Qf3 67. Qd7 Qf5 68. Qe7 1/2-1/2

[Event "Denmark Team Championship 2022"]
[Site "Denmark"]
[Date "2022.10.29"]
[Round "1.6"]
[White "Abildlund, Jens"]
[Black "Hoi, Carsten"]
[Result "1/2-1/2"]
[ECO "D02"]
[WhiteElo "2183"]
[BlackElo "2344"]
[Annotator "ChessBase"]
[PlyCount "36"]
[EventDate "2022.10.29"]
[EventType "team-tourn"]
[EventCountry "DEN"]
[SourceTitle "playchess.com"]
[Source "ChessBase"]
[SourceQuality "1"]
[TimeControl "40/5400+30:1800+30"]

1. d4 d5 2. Nf3 Nf6 3. Bf4 e6 4. e3 c5 5. c3 Nc6 6. Nbd2 Bd6 7. Bg3 O-O 8. Bd3 b6 9. Ne5 Bb7 10. O-O Ne7 11. Qf3 Ng6 12. Nxg6 hxg6 13. Bxd6 Qxd6 14. Qg3 Qxg3 15. hxg3 Rfe8 16. f4 a5 17. Rfe1 Kf8 18. Nf3 Ng4 1/2-1/2

[Event "Denmark Team Championship 2022"]
[Site "Denmark"]
[Date "2022.10.29"]
[Round "1.7"]
[White "Bromann, Thorbjorn"]
[Black "Hoiberg, Nina"]
[Result "1-0"]
[ECO "A40"]
[WhiteElo "2374"]
[BlackElo "2144"]
[Annotator "ChessBase"]
[PlyCount "45"]
[EventDate "2022.10.29"]
[EventType "team-tourn"]
[EventCountry "DEN"]
[SourceTitle "playchess.com"]
[Source "ChessBase"]
[SourceQuality "1"]
[TimeControl "40/5400+30:1800+30"]

1. d4 Nc6 2. Nf3 d5 3. e3 Bg4 4. Bb5 e6 5. c4 Bb4+ 6. Nc3 Nge7 7. h3 Bxf3 8. Qxf3 a6 9. cxd5 axb5 10. dxc6 Nxc6 11. O-O Bxc3 12. bxc3 Qd5 13. e4 Qc4 14. Qg3 O-O-O 15. Bf4 e5 16. Bxe5 Nxe5 17. Qxe5 b4 18. cxb4 Qxd4 19. Qf5+ Kb8 20. b5 g6 21. Qf3 Rde8 22. Rfd1 Qxe4 23. Rd8+ 1-0

[Event "Denmark Team Championship 2022"]
[Site "Denmark"]
[Date "2022.10.29"]
[Round "1.7"]
[White "Pedersen, Finn"]
[Black "Brorsen, Jacob Abildlund"]
[Result "1-0"]
[ECO "A06"]
[WhiteElo "2266"]
[BlackElo "2201"]
[Annotator "ChessBase"]
[PlyCount "103"]
[EventDate "2022.10.29"]
[EventType "team-tourn"]
[EventCountry "DEN"]
[SourceTitle "playchess.com"]
[Source "ChessBase"]
[SourceQuality "1"]
[TimeControl "40/5400+30:1800+30"]

1. Nf3 d5 2. d4 e6 3. Bf4 b6 4. e3 Bb7 5. Nbd2 Nf6 6. c3 Bd6 7. Bb5+ c6 8. Bd3 Qc7 9. Bxd6 Qxd6 10. Ne5 Nbd7 11. f4 Qe7 12. O-O c5 13. Qf3 Rc8 14. a4 a5 15. Bb5 O-O 16. Bd3 Rfd8 17. Rf2 Nf8 18. g4 Ne8 19. g5 Nd6 20. Qg4 Rc7 21. h4 Kh8 22. Rg2 Kg8 23. Nf1 Ne4 24. Ng3 Nd7 25. Rf1 f5 26. gxf6 Ndxf6 27. Qh3 Bc6 28. Bc2 Be8 29. Kh2 Qd6 30. Rfg1 Rb8 31. Nxe4 dxe4 32. Bb3 Re7 33. f5 Bd7 34. fxe6 Be8 35. Kh1 Bh5 36. Nf7 Qc7 37. Rxg7+ Kf8 38. Qg3 Bf3+ 39. Kh2 h5 40. Qxc7 Rxc7 41. R1g5 b5 42. R7g6 Ke7 43. d5 Ne8 44. d6+ Nxd6 45. Nxd6 Kxd6 46. axb5 Rxb5 47. Rd5+ Ke7 48. Rg7+ Kxe6 49. Rxc7 Rxb3 50. Rd2 Rb5 51. Kg3 Ke5 52. c4 1-0

[Event "Denmark Team Championship 2022"]
[Site "Denmark"]
[Date "2022.10.29"]
[Round "1.7"]
[White "Brondt, Nicolai Kvist"]
[Black "Simonsen, Carsten"]
[Result "1/2-1/2"]
[ECO "A36"]
[WhiteElo "2248"]
[BlackElo "2234"]
[Annotator "ChessBase"]
[PlyCount "154"]
[EventDate "2022.10.29"]
[EventType "team-tourn"]
[EventCountry "DEN"]
[SourceTitle "playchess.com"]
[Source "ChessBase"]
[SourceQuality "1"]
[TimeControl "40/5400+30:1800+30"]

1. c4 g6 2. Nc3 c5 3. g3 Bg7 4. Bg2 Nc6 5. a3 Nf6 6. Rb1 O-O 7. b4 cxb4 8. axb4 d6 9. Nf3 d5 10. b5 Na5 11. cxd5 Nxd5 12. Nxd5 Qxd5 13. O-O a6 14. bxa6 Rxa6 15. d3 Nc6 16. Bb2 Ra2 17. Ne5 Qe6 18. Nxc6 Rxb2 19. Rxb2 Bxb2 20. Qc2 Bf6 21. Nb4 Qd6 22. Nd5 Bg7 23. Rb1 Be6 24. Qc7 Bxd5 25. Qxd6 exd6 26. Bxd5 Rb8 27. Rc1 Re8 28. e3 Re7 29. Rc8+ Bf8 30. d4 h5 31. h3 Kg7 32. g4 hxg4 33. hxg4 Rd7 34. Kg2 Be7 35. Kg3 Bg5 36. Rb8 Rc7 37. Bxb7 Be7 38. Bd5 Bf6 39. Rb6 Be7 40. Ra6 Rd7 41. Kf4 Rc7 42. Bc6 Bf8 43. e4 Kf6 44. g5+ Ke7 45. d5 f6 46. Ra8 Kf7 47. Be8+ Kg7 48. Bxg6 Kxg6 49. Rxf8 fxg5+ 50. Kg4 Rc4 51. f3 Rc1 52. Rd8 Rg1+ 53. Kh3 Kf6 54. Rxd6+ Ke5 55. Re6+ Kf4 56. Kh2 Rd1 57. Rf6+ Ke3 58. Kg2 g4 59. fxg4 Kxe4 60. Rf5 Rd3 61. Kf2 Rh3 62. Ke2 Rh2+ 63. Kd1 Rg2 64. Rg5 Ra2 65. d6 Ra4 66. Ke2 Rd4 67. Rg6 Kf4 68. Kf2 Rd3 69. Kg2 Rg3+ 70. Kf2 Rd3 71. Ke1 Rd5 72. Ke2 Rd4 73. Kf1 Rd2 74. Kg1 Kg3 75. Kf1 Kf4 76. Ke1 Rd5 77. Ke2 Rd4 1/2-1/2

[Event "Denmark Team Championship 2022"]
[Site "Denmark"]
[Date "2022.10.29"]
[Round "1.7"]
[White "Pedersen, Henrik Dahl"]
[Black "Kristensen, Kaare Hove"]
[Result "1/2-1/2"]
[ECO "B72"]
[WhiteElo "2233"]
[BlackElo "2267"]
[Annotator "ChessBase"]
[PlyCount "129"]
[EventDate "2022.10.29"]
[EventType "team-tourn"]
[EventCountry "DEN"]
[SourceTitle "playchess.com"]
[Source "ChessBase"]
[SourceQuality "1"]
[TimeControl "40/5400+30:1800+30"]

1. e4 c5 2. Nf3 d6 3. d4 Nf6 4. Nc3 cxd4 5. Nxd4 g6 6. Be3 a6 7. Qd2 b5 8. f3 Bb7 9. Bh6 Bxh6 10. Qxh6 Nbd7 11. O-O-O Rc8 12. Kb1 Rxc3 13. bxc3 Qc7 14. h4 Qxc3 15. Qd2 Qc7 16. h5 e5 17. Nb3 Ke7 18. hxg6 fxg6 19. Bd3 Nb6 20. Qh6 Rf8 21. Qg5 Rf7 22. f4 Na4 23. fxe5 dxe5 24. Rdf1 Qc3 25. Qc1 Qb4 26. a3 Qd6 27. Ka1 Kf8 28. Rf3 Bc8 29. Rhf1 Kg7 30. c4 Bg4 31. Re3 Rc7 32. Rf2 Be6 33. Rd2 bxc4 34. Bxc4 Qb6 35. Rc2 Rxc4 36. Rxc4 Bxc4 37. Qxc4 Qxe3 38. Qxa4 Qg1+ 39. Kb2 Qxg2+ 40. Kc1 Qe2 41. Qa5 Qc4+ 42. Kb2 h5 43. Qxe5 Qe2+ 44. Kc1 Qc4+ 45. Kb2 Qe2+ 46. Kc1 Qxe4 47. Qc7+ Kh6 48. Nd2 Qd4 49. Qc8 Qd3 50. Nc4 Qc3+ 51. Kd1 Ng4 52. Qf8+ Kg5 53. Nd2 Kh4 54. Qd6 Qa1+ 55. Kc2 Qf6 56. Qd3 Qc6+ 57. Kb3 Qb5+ 58. Qxb5 axb5 59. Kb4 Ne3 60. Kxb5 Nd1 61. Kb4 Nb2 62. Kb3 Nd3 63. Kc4 Nb2+ 64. Kb3 Nd3 65. Kc4 1/2-1/2

[Event "Denmark Team Championship 2022"]
[Site "Denmark"]
[Date "2022.10.29"]
[Round "1.7"]
[White "Christensen, Thomas"]
[Black "Jaksland, Tim"]
[Result "1-0"]
[ECO "D02"]
[WhiteElo "2187"]
[BlackElo "2100"]
[Annotator "ChessBase"]
[PlyCount "57"]
[EventDate "2022.10.29"]
[EventType "team-tourn"]
[EventCountry "DEN"]
[SourceTitle "playchess.com"]
[Source "ChessBase"]
[SourceQuality "1"]
[TimeControl "40/5400+30:1800+30"]

1. d4 Nf6 2. Nf3 d5 3. Bf4 c5 4. e3 Nc6 5. c3 e6 6. Nbd2 Nh5 7. Bg5 f6 8. Bh4 g6 9. Bb5 Bd7 10. O-O cxd4 11. cxd4 Bd6 12. g4 g5 13. gxh5 gxh4 14. e4 O-O 15. Kh1 Kh8 16. Rg1 Qe7 17. Qe2 dxe4 18. Nxe4 a6 19. Bc4 b5 20. Bb3 Rae8 21. Qe3 Bb8 22. Qh6 f5 23. Nxh4 Rg8 24. Nf6 Nxd4 25. Nxg8 Bc6+ 26. f3 Nxf3 27. Ng6+ Kxg8 28. Nxe7+ Kf7 29. Qg7# 1-0

[Event "Denmark Team Championship 2022"]
[Site "Denmark"]
[Date "2022.10.29"]
[Round "1.8"]
[White "Pedersen, Jan"]
[Black "Krejci, Martin"]
[Result "1/2-1/2"]
[ECO "B51"]
[WhiteElo "2383"]
[BlackElo "2058"]
[Annotator "ChessBase"]
[PlyCount "114"]
[EventDate "2022.10.29"]
[EventType "team-tourn"]
[EventCountry "DEN"]
[SourceTitle "playchess.com"]
[Source "ChessBase"]
[SourceQuality "1"]
[TimeControl "40/5400+30:1800+30"]

1. e4 c5 2. Nf3 d6 3. Bb5+ Nc6 4. O-O Bd7 5. Re1 a6 6. Bf1 Bg4 7. h3 Bxf3 8. Qxf3 Nf6 9. c3 g6 10. Qd1 Bg7 11. d3 O-O 12. g3 b5 13. Bg2 Rc8 14. Be3 b4 15. cxb4 Nxb4 16. Na3 Nd7 17. Re2 Ne5 18. Rd2 Nec6 19. Nc4 Nd4 20. a3 Nbc6 21. Rb1 a5 22. Kh2 Qc7 23. h4 h5 24. Bg5 Rb8 25. Ne3 e6 26. Nc4 Nb3 27. Re2 Ncd4 28. Re1 a4 29. Bf4 Rfd8 30. g4 hxg4 31. Qxg4 e5 32. Bg5 Qd7 33. Qd1 Rf8 34. Bh3 Qc7 35. Ne3 f6 36. Nd5 Qd8 37. Be3 Qe8 38. h5 g5 39. Rg1 Bh6 40. f4 exf4 41. Bxf4 Qd8 42. Ne3 Nd2 43. Rg2 Nxb1 44. Nc4 Rb3 45. Bxd6 Re8 46. Kh1 Nxa3 47. bxa3 Bf8 48. e5 Bxd6 49. exd6 Nb5 50. d7 Re7 51. Qf1 Rxd7 52. Bxd7 Qxd7 53. Qxf6 Qh3+ 54. Kg1 Rb1+ 55. Kf2 Qh4+ 56. Rg3 Qh2+ 57. Rg2 Qh4+ 1/2-1/2

[Event "Denmark Team Championship 2022"]
[Site "Denmark"]
[Date "2022.10.29"]
[Round "1.8"]
[White "Seegert, Kristian"]
[Black "Sobjerg, Erik"]
[Result "0-1"]
[ECO "C15"]
[WhiteElo "2211"]
[BlackElo "2252"]
[Annotator "ChessBase"]
[PlyCount "162"]
[EventDate "2022.10.29"]
[EventType "team-tourn"]
[EventCountry "DEN"]
[SourceTitle "playchess.com"]
[Source "ChessBase"]
[SourceQuality "1"]
[TimeControl "40/5400+30:1800+30"]

1. e4 e6 2. d4 d5 3. Nc3 Bb4 4. Nge2 Nc6 5. e5 b6 6. Nf4 Qd7 7. Be3 Bb7 8. Bd3 O-O-O 9. O-O f6 10. exf6 Nxf6 11. a3 Bxc3 12. bxc3 e5 13. Nh5 Ne4 14. Qe1 g6 15. Ng3 Rde8 16. f4 Nxg3 17. Qxg3 e4 18. Bb5 a6 19. Bxc6 Bxc6 20. f5 gxf5 21. Bf4 Rhg8 22. Qh3 Rg4 23. Rf2 Qg7 24. Be5 Qg6 25. Raf1 Bb5 26. Re1 Bd7 27. Bf4 Rg8 28. Ree2 Bb5 29. Re1 h5 30. Re3 h4 31. Be5 Bd7 32. Bf4 Qc6 33. Re1 Qa4 34. Ra1 Qc6 35. Kh1 Kb7 36. Qe3 Qg6 37. Rg1 Qh5 38. h3 R4g6 39. Bh2 Qh6 40. Bf4 Qg7 41. Be5 Qe7 42. Ra1 Rc6 43. Bh2 Rc4 44. Re2 Qe6 45. Qd2 Bb5 46. Re3 Qe7 47. Bf4 Be8 48. Qe1 Rg6 49. Qd2 Ra4 50. Qc1 Qg7 51. Qd2 Bf7 52. Kh2 Qf8 53. Qc1 c5 54. Qd2 Rc6 55. Be5 Be6 56. Bf4 Rc4 57. Rc1 Qg7 58. Be5 Qh6 59. Qf2 cxd4 60. cxd4 Rc3 61. Bf4 Rxc2 62. Rxc2 Rxc2 63. Bxh6 Rxf2 64. Re1 f4 65. Kg1 e3 66. Rf1 Rd2 67. Bxf4 Rxd4 68. Bxe3 Re4 69. Bg5 Kc6 70. Rf6 Kb5 71. Rh6 Ka4 72. Bxh4 Kxa3 73. g4 b5 74. Bf6 b4 75. Rh8 b3 76. Ra8 Ra4 77. Rb8 a5 78. Be7+ Ka2 79. Rf8 b2 80. Rf2 Ka1 81. Bf6 d4 0-1

[Event "Denmark Team Championship 2022"]
[Site "Denmark"]
[Date "2022.10.29"]
[Round "1.8"]
[White "Jorgensen, Brian Jorgen"]
[Black "Berg, Klaus"]
[Result "1-0"]
[ECO "A06"]
[WhiteElo "2150"]
[BlackElo "2278"]
[Annotator "ChessBase"]
[PlyCount "103"]
[EventDate "2022.10.29"]
[EventType "team-tourn"]
[EventCountry "DEN"]
[SourceTitle "playchess.com"]
[Source "ChessBase"]
[SourceQuality "1"]
[TimeControl "40/5400+30:1800+30"]

1. Nf3 d5 2. c4 c6 3. e3 Nf6 4. Nc3 e6 5. Qc2 c5 6. cxd5 exd5 7. d4 Nc6 8. Bb5 cxd4 9. Nxd4 Bd7 10. O-O a6 11. Nxc6 bxc6 12. Be2 Bd6 13. e4 O-O 14. Rd1 Qc7 15. h3 Rfe8 16. Bf3 Be5 17. exd5 cxd5 18. Be3 Ne4 19. Rac1 Rac8 20. Rxd5 Nxc3 21. bxc3 Bb5 22. a4 Bc4 23. Rc5 Qe7 24. Rxc8 Rxc8 25. Qf5 Qe6 26. Qxe6 fxe6 27. Bd4 Bf4 28. Rb1 e5 29. Be3 Bxe3 30. fxe3 Kf7 31. Rb6 Rd8 32. Rc6 Bd3 33. c4 e4 34. Bg4 Rb8 35. Be6+ Ke7 36. Rxa6 Rb1+ 37. Kf2 g5 38. Bd5 Rb2+ 39. Kg3 h5 40. h4 gxh4+ 41. Kxh4 Rxg2 42. Kxh5 Rg3 43. Re6+ Kd8 44. a5 Rxe3 45. a6 Rh3+ 46. Kg4 Rh7 47. Kf4 Ra7 48. Ke3 Kc8 49. Bb7+ Kd7 50. Rxe4 Bxe4 51. Kxe4 Kc7 52. Kd5 1-0

[Event "Denmark Team Championship 2022"]
[Site "Denmark"]
[Date "2022.10.29"]
[Round "1.8"]
[White "Ejsing, Esben"]
[Black "Meskenas, Paulius"]
[Result "0-1"]
[ECO "C77"]
[WhiteElo "2116"]
[BlackElo "2038"]
[Annotator "ChessBase"]
[PlyCount "90"]
[EventDate "2022.10.29"]
[EventType "team-tourn"]
[EventCountry "DEN"]
[SourceTitle "playchess.com"]
[Source "ChessBase"]
[SourceQuality "1"]
[TimeControl "40/5400+30:1800+30"]

1. e4 e5 2. Nf3 Nc6 3. Bb5 a6 4. Ba4 Nf6 5. d3 b5 6. Bb3 Be7 7. c3 d6 8. Nbd2 O-O 9. O-O Be6 10. Bxe6 fxe6 11. d4 exd4 12. cxd4 Qd7 13. Qe2 e5 14. d5 Nd8 15. a4 Nb7 16. b3 c6 17. dxc6 Qxc6 18. Ba3 Qd7 19. Rfd1 Rac8 20. axb5 axb5 21. Bb4 Nc5 22. Ra5 Rb8 23. Raa1 Ne6 24. Nf1 Nf4 25. Qe3 Qg4 26. Ng3 N6h5 27. Bxd6 Bxd6 28. Rxd6 Nxg2 29. Nxe5 Qh3 30. Qg5 Ngf4 31. Nf5 Rxf5 32. exf5 h6 33. Qg4 Qc3 34. Rad1 Qxe5 35. Kf1 Qe4 36. f3 Qe2+ 37. Kg1 Qe3+ 38. Kh1 Re8 39. R6d2 Nf6 40. Qg3 N4h5 41. Qg1 Qxf3+ 42. Qg2 Qxf5 43. Rd8 Rxd8 44. Rxd8+ Kh7 45. Qe2 Ne4 0-1